[Event "Titled Tuesday Blitz October 11 Late 2022"]
[White "Yurovskykh, Oleksandr"]
[Black "Georgiadis, Ioannis"]
[WhiteFideId "14134020"]
[BlackFideId "4208900"]
[WhiteElo "2551"]
[BlackElo "2738"]
[Result "1/2-1/2"]
[Round "07"]
[TimeControl "180+1"]
[Date "2022.10.12"]
[WhiteClock "0:00:30"]
[BlackClock "0:00:59"]

1. d4 Nf6 2. Nf3 e6 3. Bf4 c5 4. c3 d5 5. e3 Nc6 6. Nbd2 cxd4 7. exd4 Nh5 8. Be3 Bd6 9. Ne5 g6 10. f4 O-O 11. Be2 Ng7 12. O-O f6 13. Nd3 b6 14. g3 a5 15. a4 Ne7 16. Nf3 Ba6 17. Bf2 Qd7 18. Nc1 Bxe2 19. Qxe2 h5 20. Nd3 Rae8 21. Be3 Ngf5 22. Bd2 Nc6 23. Kg2 Re7 24. Rae1 Rfe8 25. b3 Bc7 26. Bc1 Nd6 27. Ba3 Rg7 28. Bxd6 Bxd6 29. h3 Nd8 30. g4 Qc7 31. Qd2 Nf7 32. g5 fxg5 33. fxg5 Kh7 34. Nfe5 Bxe5 35. Nxe5 Nd6 36. Qe3 Nf5 37. Qd3 Rc8 38. Rc1 Qb7 39. Rc2 Rgc7 40. Rfc1 Kg7 41. Kh2 Qa8 42. Rf1 Qb7 43. Rfc1 Qa8 44. Rf1 Qb7 45. Rfc1 1/2-1/2


[Site "https://www.chess.com"]

[Event "Titled Tuesday Blitz October 11 Late 2022"]
[White "Zaloznyy, Mike"]
[Black "Rosenberg, Evan S"]
[WhiteFideId "2023075"]
[BlackFideId "2019299"]
[WhiteElo "2126"]
[BlackElo "2342"]
[Result "0-1"]
[Round "07"]
[TimeControl "180+1"]
[Date "2022.10.12"]
[WhiteClock "0:00:05"]
[BlackClock "0:00:18"]

1. e4 e6 2. Qe2 e5 3. Nf3 Nc6 4. c3 Bc5 5. b4 Bd6 6. d4 exd4 7. b5 Ne5 8. Nxd4 Ne7 9. f4 N5g6 10. e5 Bc5 11. Nb3 d6 12. Nxc5 dxc5 13. Be3 b6 14. Qf3 Be6 15. c4 O-O 16. Nc3 Nf5 17. Rd1 Nd4 18. Qf2 Bg4 19. Be2 Nc2+ 20. Kf1 Nxe3+ 21. Qxe3 Bxe2+ 22. Kxe2 Qh4 23. g3 Qh3 24. Kf2 Rae8 25. Qf3 f6 26. exf6 Rxf6 27. Qd5+ Kh8 28. Qg2 Qf5 29. Rhe1 Qc2+ 30. Kg1 Rxe1+ 31. Rxe1 Qxc3 32. Re8+ Rf8 33. Qa8 Qf6 34. Rxf8+ Qxf8 35. Qxa7 Qd6 36. Qb8+ Nf8 37. Kg2 h5 38. Kh3 Kh7 39. Kh4 Qf6+ 40. Kxh5 Ne6 41. Kg4 Qg6+ 42. Kh3 Qh5+ 43. Kg2 Qe2+ 44. Kh3 Qf1+ 45. Kg4 Nd4 46. Qxc7 Qf3+ 47. Kg5 Ne6+ 48. Kf5 Nxc7 49. Ke5 Qc3+ 50. Kd6 Nxb5+ 51. cxb5 Qd4+ 52. Kc6 c4 53. a4 c3 54. a5 bxa5 55. b6 c2 56. b7 c1=Q+ 57. Kb5 Qb4+ 58. Ka6 Qc6+ 59. Ka7 Qbxb7# 0-1


[Site "https://www.chess.com"]

[Event "Titled Tuesday Blitz October 11 Late 2022"]
[White "Zhigalko, Sergei"]
[Black "Koziorowicz, Michal"]
[WhiteFideId "13502956"]
[BlackFideId "21809194"]
[WhiteElo "2662"]
[BlackElo "2220"]
[Result "0-1"]
[Round "07"]
[TimeControl "180+1"]
[Date "2022.10.11"]
[WhiteClock "0:00:05"]
[BlackClock "0:00:07"]

1. e4 c5 2. Nf3 d6 3. d4 cxd4 4. Qxd4 Nc6 5. Bb5 Bd7 6. Bxc6 Bxc6 7. Nc3 Nf6 8. Bg5 e6 9. O-O-O Be7 10. Rhe1 Qa5 11. Kb1 h6 12. Bh4 O-O 13. Qd2 Qa6 14. Nd4 b5 15. Qd3 Rab8 16. f4 Rfe8 17. g4 Qb7 18. g5 Nd7 19. Qg3 h5 20. g6 fxg6 21. Bxe7 Rxe7 22. f5 b4 23. Nxc6 Qxc6 24. Rxd6 Qc7 25. Rxe6 Qxg3 26. hxg3 Rxe6 27. fxe6 Nc5 28. Nd5 Nxe6 29. Kc1 g5 30. Kd2 h4 31. gxh4 gxh4 32. Ke3 g5 33. Rf1 Kg7 34. Rf5 Rh8 35. Re5 Kf7 36. Rf5+ Kg7 37. Kf2 h3 38. Kg1 h2+ 39. Kh1 g4 40. Re5 g3 41. Ne3 Kf6 42. Rf5+ Ke7 43. Rf3 Rg8 44. Nf5+ Kf6 45. Nxg3+ Ke5 46. Kxh2 Nd4 47. Rd3 Nxc2 48. Rd5+ Kf4 49. Rf5+ Ke3 50. Rf7 a5 51. e5 Nd4 52. Rf6 Rc8 53. e6 Re8 54. Nf1+ Kd3 55. Ng3 Rxe6 56. Rf2 Ne2 57. Kg2 Nxg3 58. Kxg3 Re3+ 59. Kg4 Re2 60. Rf5 a4 61. b3 a3 62. Rf3+ Kc2 63. Rf4 Kb2 64. Rxb4 Kxa2 65. Kf3 Rb2 66. Ra4 Kxb3 67. Ra8 a2 68. Ke3 Rb1 69. Kd3 a1=Q 70. Rb8+ Ka4 71. Ra8+ Kb5 72. Rxa1 Rxa1 0-1


[Site "https://www.chess.com"]

[Event "Titled Tuesday Blitz October 11 Late 2022"]
[White "Zhukov, Maksim"]
[Black "Aghasiyev, Kamal"]
[WhiteFideId "34181790"]
[BlackFideId "13402854"]
[WhiteElo "1929"]
[BlackElo "2341"]
[Result "0-1"]
[Round "07"]
[TimeControl "180+1"]
[Date "2022.10.12"]
[WhiteClock "0:00:12"]
[BlackClock "0:00:09"]

1. Nf3 d5 2. g3 Nf6 3. Bg2 e6 4. O-O Be7 5. d3 O-O 6. Nbd2 Nc6 7. e4 dxe4 8. Nxe4 Nxe4 9. dxe4 e5 10. c3 a5 11. a4 Be6 12. Qc2 Bc5 13. Rd1 Qe7 14. h3 f6 15. Nh4 Qf7 16. Re1 Rfd8 17. Nf5 Rd7 18. Be3 Bxe3 19. Nxe3 Rad8 20. Rad1 Bb3 21. Rxd7 Rxd7 22. Qe2 Bxa4 23. Nd5 Ne7 24. Qc4 Bc6 25. Rd1 Kh8 26. Qc5 Nc8 27. Qxa5 b6 28. Qb4 f5 29. Qc4 Bxd5 30. exd5 Nd6 31. Qc6 h6 32. Re1 Re7 33. Ra1 e4 34. Ra8+ Kh7 35. Kh2 f4 36. Qa4 f3 37. Bf1 e3 38. Bd3+ g6 39. Qd4 Qg7 40. fxe3 Qxd4 41. exd4 Re3 42. Ba6 Re1 43. Rf8 Rb1 44. Rxf3 Rxb2+ 45. Kg1 b5 46. Rf8 Ra2 47. Ra8 Kg7 48. Bb7 Rb2 49. Bc6 g5 50. Ra7 Kf6 51. Rxc7 Kf5 52. Rd7 Ne4 53. Rf7+ Kg6 54. Rf3 Rc2 55. d6 Nxd6 56. Bd5 Kg7 57. h4 g4 58. Re3 Nf5 59. Rd3 h5 60. Be4 Nd6 61. Bd5 Kf6 62. Re3 Nf5 63. Re6+ Kg7 64. Rb6 Nxg3 65. Rxb5 Rxc3 66. Bg2 Ne2+ 67. Kf1 Nxd4 68. Rxh5 g3 69. Rg5+ Kf6 70. Be4 Re3 71. Bc2 Nxc2 72. Kg2 Ne1+ 73. Kh3 g2+ 74. Kh2 Nf3+ 75. Kxg2 Nxg5 76. hxg5+ Kxg5 77. Kf2 Re5 78. Kf3 Rf5+ 79. Kg3 Rf4 80. Kh2 Rf3 81. Kg2 Kg4 82. Kh2 Rf2+ 83. Kg1 Kg3 84. Kh1 Rf1# 0-1


[Site "https://www.chess.com"]

[Event "Titled Tuesday Blitz October 11 Late 2022"]
[White "Zomorrodian, Eilia"]
[Black "Bazeev, German"]
[WhiteFideId "12551805"]
[BlackFideId "24119350"]
[WhiteElo "2563"]
[BlackElo "2750"]
[Result "1-0"]
[Round "07"]
[TimeControl "180+1"]
[Date "2022.10.12"]
[WhiteClock "0:00:25"]
[BlackClock "0:00:54"]

1. c4 e5 2. a3 Nf6 3. e3 g6 4. b4 Bg7 5. Bb2 d6 6. Nf3 O-O 7. d3 a5 8. b5 c5 9. Be2 b6 10. O-O Bb7 11. Nbd2 Nbd7 12. Qc2 Qe7 13. Rfd1 d5 14. cxd5 Nxd5 15. Nc4 f5 16. Bf1 f4 17. Qb3 a4 18. Qa2 Kh8 19. e4 Nc7 20. Rac1 g5 21. Qa1 Rae8 22. h3 h5 23. Nh2 Nxb5 24. Be2 Qf7 25. Qb1 Bc6 26. Ba1 Qg6 27. Nf3 Nc7 28. Nxb6 Rb8 29. Nxd7 Bxd7 30. Qc2 Ne6 31. Nxe5 Qe8 32. Nxd7 Qxd7 33. Bxg7+ Qxg7 34. Bxh5 Rb3 35. Bg4 Nd4 36. Qxc5 Rxa3 37. Qxa3 1-0


[Site "https://www.chess.com"]

[Event "Titled Tuesday Blitz October 11 Late 2022"]
[White "Aghasiyev, Kamal"]
[Black "Meduri, Aakaash"]
[WhiteFideId "13402854"]
[BlackFideId "2032252"]
[WhiteElo "2341"]
[BlackElo "2113"]
[Result "1-0"]
[Round "08"]
[TimeControl "180+1"]
[Date "2022.10.12"]
[WhiteClock "0:00:48"]
[BlackClock "0:00:03"]

1. d4 d5 2. c4 c6 3. Nf3 Nf6 4. g3 h6 5. Bg2 Bf5 6. O-O e6 7. Nc3 Be7 8. Nd2 O-O 9. e4 dxe4 10. Ndxe4 Nbd7 11. Be3 Nxe4 12. Nxe4 Nf6 13. Nc3 Qa5 14. a3 Rad8 15. b4 Qc7 16. Qb3 Rd7 17. Rac1 Rfd8 18. d5 exd5 19. cxd5 a6 20. Rfd1 cxd5 21. Nxd5 Qb8 22. Bf4 Bd6 23. Nxf6+ gxf6 24. Bxd6 Rxd6 25. Rxd6 Rxd6 26. Qe3 Kg7 27. Qf3 Bc8 28. Qf4 b5 29. Bf3 Be6 30. Rc6 Rxc6 31. Qxb8 1-0


[Site "https://www.chess.com"]

[Event "Titled Tuesday Blitz October 11 Late 2022"]
[White "Aldokhin, Ivan"]
[Black "Jimenez, Joaquin"]
[WhiteFideId "24115720"]
[BlackFideId "109860"]
[WhiteElo "2313"]
[BlackElo "2163"]
[Result "1-0"]
[Round "08"]
[TimeControl "180+1"]
[Date "2022.10.12"]
[WhiteClock "0:01:24"]
[BlackClock "0:01:50"]

1. e4 e5 2. Nf3 Nc6 3. Bb5 a6 4. Ba4 Nf6 5. O-O Be7 6. Re1 b5 7. Bb3 d6 8. c3 O-O 9. d4 Bg4 10. d5 Nb8 11. h3 Bc8 12. Nbd2 c6 13. Nf1 c5 14. g4 h5 15. g5 Nh7 16. h4 g6 17. Kh1 Bg4 18. N1h2 Qc8 19. Rg1 c4 20. Bc2 Ra7 21. Nxg4 hxg4 22. Nh2 f6 23. gxf6 Bxf6 24. Qxg4 Qxg4 25. Rxg4 Rg7 26. Bh6 Nd7 27. Rag1 Rff7 28. Bxg7 Bxg7 29. Rxg6 Nhf8 30. R6g3 Kh7 31. Rf3 Re7 32. Ng4 Ng6 33. Ne3 Re8 34. Rfg3 Ndf8 35. h5 1-0


[Site "https://www.chess.com"]

[Event "Titled Tuesday Blitz October 11 Late 2022"]
[White "Ambartsumova, Karina"]
[Black "Petrovic, Aleksa"]
[WhiteFideId "4166299"]
[BlackFideId "967629"]
[WhiteElo "2299"]
[BlackElo "2242"]
[Result "0-1"]
[Round "08"]
[TimeControl "180+1"]
[Date "2022.10.12"]
[WhiteClock "0:00:04"]
[BlackClock "0:00:06"]

1. Nf3 Nf6 2. c4 b6 3. g3 c5 4. Bg2 Bb7 5. O-O e6 6. Nc3 a6 7. Re1 Be7 8. e4 d6 9. d4 cxd4 10. Nxd4 Qc7 11. Be3 Nbd7 12. Rc1 Rc8 13. b3 O-O 14. h3 Qb8 15. Qe2 Rfe8 16. g4 Qa8 17. f3 d5 18. g5 Nh5 19. f4 Ng3 20. Qg4 Nxe4 21. Nxe4 dxe4 22. Nxe6 fxe6 23. Qxe6+ Kh8 24. Qxd7 Rcd8 25. Qg4 Ba3 26. Rc2 Rd3 27. Bxb6 e3 28. Rce2 Bb4 29. Rxe3 Bxe1 30. Bxb7 Qb8 31. Rxd3 Qxb7 32. Bf2 Bxf2+ 33. Kxf2 Qh1 34. Qg3 Qe1+ 35. Kg2 Re2+ 36. Kf3 Qf1+ 37. Kg4 h5+ 38. Kxh5 Re8 39. g6 Qe2+ 40. Qf3 Qe6 41. f5 Qf6 42. Rd5 a5 43. Qd3 Qe7 44. Rd7 Qf6 45. Rf7 Qe5 46. Qd7 Qe2+ 47. Kg5 Qe3+ 48. Kh5 Qf3+ 49. Kg5 Qg3+ 50. Kh5 Qxh3+ 51. Kg5 Qg3+ 52. Kh5 Qf3+ 53. Kg5 Qe3+ 54. Kh5 Qh6+ 55. Kg4 Re4+ 56. Kf3 Qf4+ 57. Kg2 Re2+ 58. Kh3 Rh2# 0-1


[Site "https://www.chess.com"]

[Event "Titled Tuesday Blitz October 11 Late 2022"]
[White "Balkum, Alexander"]
[Black "Simonovic, Miroslav"]
[WhiteFideId "2005069"]
[BlackFideId "919152"]
[WhiteElo "2315"]
[BlackElo "2043"]
[Result "1-0"]
[Round "08"]
[TimeControl "180+1"]
[Date "2022.10.12"]
[WhiteClock "0:00:12"]
[BlackClock "0:00:01"]

1. e4 c5 2. Nf3 Nc6 3. d4 cxd4 4. Nxd4 a6 5. Nc3 e5 6. Nxc6 bxc6 7. Be2 Nf6 8. O-O Bb4 9. Bg5 O-O 10. Kh1 Bxc3 11. bxc3 h6 12. Bh4 g5 13. Bg3 Qe7 14. Bd3 d6 15. f3 Be6 16. c4 Rfb8 17. Qd2 Kg7 18. Rab1 Nh5 19. Bf2 Nf4 20. Qc3 f6 21. g3 Ng6 22. Be3 Qc7 23. Rbe1 Rc8 24. f4 Ne7 25. fxe5 fxe5 26. Qd2 Ng6 27. h4 gxh4 28. Bxh6+ Kh7 29. Rf6 Qe7 30. Ref1 hxg3 31. Qg5 Rg8 32. Qh5 Rg7 33. Bxg7+ Kg8 34. Rxg6 g2+ 35. Rxg2 Qxg7 36. Rxg7+ Kxg7 37. Qg5+ Kh7 38. Rf6 Rg8 39. Rh6# 1-0


[Site "https://www.chess.com"]

[Event "Titled Tuesday Blitz October 11 Late 2022"]
[White "Banzea, Alexandru-Bogdan"]
[Black "Tayar, Jonathan"]
[WhiteFideId "1232622"]
[BlackFideId "2606534"]
[WhiteElo "2294"]
[BlackElo "2406"]
[Result "0-1"]
[Round "08"]
[TimeControl "180+1"]
[Date "2022.10.12"]
[WhiteClock "0:00:06"]
[BlackClock "0:00:15"]

1. d4 Nf6 2. Bf4 d6 3. Nf3 c5 4. dxc5 Qa5+ 5. Nc3 Qxc5 6. e4 Bg4 7. Qd2 Nc6 8. O-O-O g6 9. Kb1 Bg7 10. Bh6 Bxh6 11. Qxh6 Qxf2 12. Bc4 Qxg2 13. Rdf1 O-O-O 14. Ng5 Ne5 15. Bxf7 Kb8 16. Bb3 Qd2 17. Nf7 Qxh6 18. Nxh6 Bd7 19. Nf7 Nxf7 20. Bxf7 Rhf8 21. Bb3 Bc6 22. Re1 Ng4 23. Nd5 Bxd5 24. exd5 Ne5 25. h4 Rf6 26. c3 Rdf8 27. Bc2 a6 28. h5 Ka7 29. hxg6 hxg6 30. Rh7 R8f7 31. Rxf7 Rxf7 32. Rg1 Rg7 33. Rg5 Kb6 34. b4 Kc7 35. Kb2 Kd7 36. Kb3 e6 37. c4 exd5 38. cxd5 Ke7 39. a4 Kf6 40. Rg1 g5 41. Rf1+ Ke7 42. a5 g4 43. Rg1 g3 44. Be4 Rg4 45. Bg2 Kf6 46. Rf1+ Kg5 47. Re1 Rxb4+ 48. Kxb4 Nd3+ 49. Kc4 Nxe1 50. Bf1 g2 51. Bxg2 Nxg2 0-1


[Site "https://www.chess.com"]

[Event "Titled Tuesday Blitz October 11 Late 2022"]
[White "Barash, Anton"]
[Black "D`Arruda, Ricardo D."]
[WhiteFideId "30935229"]
[BlackFideId "100692"]
[WhiteElo "2282"]
[BlackElo "2428"]
[Result "0-1"]
[Round "08"]
[TimeControl "180+1"]
[Date "2022.10.12"]
[WhiteClock "0:00:01"]
[BlackClock "0:00:54"]

1. e4 c5 2. Nf3 Nc6 3. d4 cxd4 4. Nxd4 e5 5. Nb5 a6 6. Nd6+ Bxd6 7. Qxd6 Qe7 8. Qd1 Nf6 9. Nc3 d6 10. Bg5 Be6 11. Bd3 O-O 12. O-O h6 13. Bh4 Rac8 14. Ne2 g5 15. Bg3 Nh5 16. c3 Rfd8 17. Nd4 Nxg3 18. Nxc6 bxc6 19. hxg3 a5 20. Qh5 Kg7 21. f4 exf4 22. gxf4 gxf4 23. Rxf4 Qg5 24. Rh4 d5 25. e5 c5 26. Qxg5+ hxg5 27. Rh7+ Kg8 28. Rh5 g4 29. Bf5 Re8 30. Rf1 Rc6 31. Rg5+ Kf8 32. Bg6 Re7 33. Bh5 d4 34. cxd4 cxd4 35. Rf6 Rc1+ 36. Kh2 Bxa2 37. Bxg4 Re1 38. Ra6 R1xe5 0-1


[Site "https://www.chess.com"]

[Event "Titled Tuesday Blitz October 11 Late 2022"]
[White "Baskakov, Egor"]
[Black "Tomaszewski, Kacper"]
[WhiteFideId "24197866"]
[BlackFideId "1127373"]
[WhiteElo "2211"]
[BlackElo "2211"]
[Result "1-0"]
[Round "08"]
[TimeControl "180+1"]
[Date "2022.10.11"]
[WhiteClock "0:00:31"]
[BlackClock "0:00:01"]

1. e4 e5 2. Nc3 Nf6 3. g3 h5 4. h3 h4 5. g4 Bc5 6. Bg2 Nc6 7. Nge2 a6 8. d3 d6 9. O-O Be6 10. Nd5 Bxd5 11. exd5 Ne7 12. c4 Qd7 13. Rb1 Ba7 14. b4 Ng6 15. Kh2 Nh7 16. Be4 O-O 17. Bf5 Qe7 18. Qc2 Ng5 19. Kg2 Nh8 20. d4 g6 21. Bd3 e4 22. Bxg5 exd3 23. Bxe7 dxc2 24. Rbe1 Rfe8 25. Bf6 Re4 26. Nc3 Rf4 27. Ne4 Re8 28. f3 Rexe4 29. fxe4 Rxf6 30. Rxf6 Bxd4 31. Rff1 Bb2 32. Rc1 Bxc1 33. Rxc1 g5 34. Rxc2 Ng6 35. c5 Nf4+ 36. Kf3 Nxh3 37. a4 Nf4 38. b5 axb5 39. a5 Nd3 40. c6 Ne1+ 41. Kf2 Nxc2 42. cxb7 1-0


[Site "https://www.chess.com"]

[Event "Titled Tuesday Blitz October 11 Late 2022"]
[White "Bazeev, German"]
[Black "Aguilar, Juan"]
[WhiteFideId "24119350"]
[BlackFideId "3800091"]
[WhiteElo "2493"]
[BlackElo "2401"]
[Result "1-0"]
[Round "08"]
[TimeControl "180+1"]
[Date "2022.10.12"]
[WhiteClock "0:01:50"]
[BlackClock "0:00:19"]

1. d4 Nf6 2. c4 g6 3. Nc3 d5 4. cxd5 Nxd5 5. Nf3 Bg7 6. Qa4+ Nc6 7. e4 Nb6 8. Qc2 Bg4 9. d5 Bxf3 10. dxc6 Bg4 11. cxb7 Rb8 12. Ba6 O-O 13. O-O Qd6 14. Nb5 Qd7 15. Bf4 e5 16. Be3 Be6 17. Nxa7 f5 18. Nc6 f4 19. Nxb8 Rxb8 20. Bxb6 cxb6 21. Rac1 f3 22. Qc7 Qxc7 23. Rxc7 fxg2 24. Kxg2 Bf8 25. Rc8 1-0


[Site "https://www.chess.com"]

[Event "Titled Tuesday Blitz October 11 Late 2022"]
[White "Besedes, Danilo"]
[Black "Vlassov, Nikolai"]
[WhiteFideId "946796"]
[BlackFideId "4103360"]
[WhiteElo "2352"]
[BlackElo "2324"]
[Result "1-0"]
[Round "08"]
[TimeControl "180+1"]
[Date "2022.10.12"]
[WhiteClock "0:00:39"]
[BlackClock "0:00:03"]

1. d4 Nf6 2. Nf3 e6 3. Bf4 c5 4. c3 b6 5. Na3 cxd4 6. Nb5 Nd5 7. Qxd4 Nc6 8. Qa4 Nxf4 9. Qxf4 d6 10. Rd1 e5 11. Qe4 Bb7 12. Nxe5 dxe5 13. Rxd8+ Rxd8 14. Nxa7 f5 15. Qa4 Ra8 16. e3 Rxa7 17. Qb3 Be7 18. Bb5 Kd7 19. O-O Kc7 20. Rd1 Rd8 21. Rxd8 Nxd8 22. a4 Bc6 23. Qc4 Ra8 24. b4 Kb7 25. Bxc6+ Nxc6 26. b5 Na5 27. Qf7 Rd8 28. Qxe7+ Kc8 29. g4 fxg4 30. Qxe5 Rd7 31. Kg2 Nb7 32. Qe8+ Kc7 33. Qe5+ Kc8 34. c4 Nc5 35. Qe8+ Kc7 36. a5 bxa5 37. Qa8 Kb6 38. Qb8+ Nb7 39. Qc8 Rc7 40. Qe6+ Kc5 41. Qe5+ Kb6 42. Qd4+ Nc5 43. Qd6+ Kb7 44. Qd5+ Kb6 45. Qd8 a4 46. Qa8 Rb7 47. Qd8+ Rc7 48. Qd6+ Kb7 49. e4 a3 50. Qd5+ Kb6 51. Qd6+ Kb7 52. Qd2 Nxe4 53. Qa5 Nc5 54. Qxa3 Kb6 55. Qc3 h5 56. Qe5 Kb7 57. Qxh5 Na4 58. Qd5+ Kb6 59. Qd6+ Kb7 60. Qd5+ Kb6 61. Kg3 Rc5 62. Qd6+ Ka5 63. b6 Rxc4 64. b7 Rc3+ 65. Kg2 Rb3 66. b8=Q Rxb8 67. Qxb8 1-0


[Site "https://www.chess.com"]

[Event "Titled Tuesday Blitz October 11 Late 2022"]
[White "Bilych, Olexiy"]
[Black "Rosen, Eric"]
[WhiteFideId "14156504"]
[BlackFideId "2032562"]
[WhiteElo "2320"]
[BlackElo "2362"]
[Result "1-0"]
[Round "08"]
[TimeControl "180+1"]
[Date "2022.10.11"]
[WhiteClock "0:00:52"]
[BlackClock "0:00:02"]

1. e4 c5 2. Nf3 d6 3. Bb5+ Bd7 4. Bxd7+ Qxd7 5. O-O Nf6 6. Qe2 Nc6 7. c3 e6 8. d4 cxd4 9. cxd4 d5 10. e5 Ne4 11. Nbd2 Nxd2 12. Bxd2 Bb4 13. Rac1 Bxd2 14. Qxd2 O-O 15. Rc2 Rfc8 16. Rfc1 Ne7 17. Qb4 Rxc2 18. Rxc2 Rc8 19. Rxc8+ Nxc8 20. g3 Qc6 21. Kg2 h6 22. Ne1 b6 23. Nd3 a5 24. Qd2 Qc4 25. Nc1 Ne7 26. b3 Qc6 27. g4 Ng6 28. Kg3 Qc7 29. Ne2 f6 30. f4 fxe5 31. dxe5 Nf8 32. Nd4 g5 33. Nf3 Ng6 34. fxg5 Qb8 35. Qe3 d4 36. Qxd4 hxg5 37. Nxg5 Nxe5 38. Qf4 Nd7 39. Qxb8+ Nxb8 40. Nxe6 Nc6 41. h4 Nb4 42. h5 1-0


[Site "https://www.chess.com"]

[Event "Titled Tuesday Blitz October 11 Late 2022"]
[White "Bogaudinov, Rushan"]
[Black "Toncheva, Nadya"]
[WhiteFideId "4129288"]
[BlackFideId "2924056"]
[WhiteElo "1945"]
[BlackElo "2101"]
[Result "1/2-1/2"]
[Round "08"]
[TimeControl "180+1"]
[Date "2022.10.12"]
[WhiteClock "0:00:16"]
[BlackClock "0:00:19"]

1. g3 c5 2. Bg2 Nc6 3. e4 g6 4. f4 Bg7 5. Nf3 e6 6. O-O Nge7 7. d3 O-O 8. Nc3 d5 9. a4 b6 10. Qe2 Bb7 11. h4 h5 12. Kh2 Qc8 13. Qf2 Nd4 14. Nb5 Nxb5 15. axb5 dxe4 16. dxe4 Bxe4 17. Ne5 Bxg2 18. Qxg2 a6 19. c4 axb5 20. Rxa8 Qxa8 21. cxb5 Qxg2+ 22. Kxg2 Rd8 23. Nc4 Nd5 24. Kf3 Kf8 25. g4 hxg4+ 26. Kxg4 Ke7 27. h5 gxh5+ 28. Kxh5 Bd4 29. f5 Rh8+ 30. Kg4 Rg8+ 31. Kh3 exf5 32. Rxf5 Ke6 33. Rf1 f5 34. Re1+ Kf6 35. Rf1 Rg1 36. Rxg1 Bxg1 37. Kg2 Bd4 38. Kf3 Ke6 39. Bg5 Nc7 40. Bd8 Nxb5 41. Bxb6 Nd6 42. Nxd6 Kxd6 43. b4 Be5 44. Bxc5+ Kd5 45. Bf8 Kc4 46. Bc5 Kd5 47. Bf8 Kc4 48. Bc5 Kd5 1/2-1/2


[Site "https://www.chess.com"]

[Event "Titled Tuesday Blitz October 11 Late 2022"]
[White "Boros, Denes"]
[Black "Zomorrodian, Eilia"]
[WhiteFideId "722340"]
[BlackFideId "12551805"]
[WhiteElo "2464"]
[BlackElo "2078"]
[Result "0-1"]
[Round "08"]
[TimeControl "180+1"]
[Date "2022.10.11"]
[WhiteClock "0:00:11"]
[BlackClock "0:00:17"]

1. e4 c5 2. b3 b6 3. Nc3 Bb7 4. Nf3 e6 5. Bb2 Nc6 6. d4 cxd4 7. Nxd4 Nf6 8. Nxc6 dxc6 9. e5 Nd7 10. Ne4 Nc5 11. Nd6+ Bxd6 12. exd6 Qg5 13. h4 Qg6 14. Rh3 f6 15. Rg3 Qe4+ 16. Be2 O-O 17. Qd4 Qxd4 18. Bxd4 Ne4 19. Rd3 Rad8 20. Rad1 Rxd6 21. Re3 c5 22. Bb2 Rfd8 23. f3 Ng3 24. Rxe6 Rxe6 25. Rxd8+ Kf7 26. Rd7+ Kg6 27. Rd2 Kh5 28. Kf2 Nxe2 29. Rxe2 Rxe2+ 30. Kxe2 Kxh4 31. Kf2 Kg5 32. a4 Bd5 33. a5 bxa5 34. Bc3 c4 35. bxc4 Bxc4 36. Bxa5 Kf5 37. c3 a6 38. Bd8 g5 39. g4+ Kg6 40. Kg3 f5 41. f4 fxg4 42. fxg5 Kf5 43. Be7 Be2 44. Bd8 Ke4 45. Be7 Kd3 46. Bb4 Kc4 47. Kf4 Kb5 48. Ke3 Bd1 49. Ba3 a5 50. Kd4 g3 51. Ke3 Kc4 52. Kd2 g2 0-1


[Site "https://www.chess.com"]

[Event "Titled Tuesday Blitz October 11 Late 2022"]
[White "Burke, Paul"]
[Black "Shapiro, Daniel"]
[WhiteFideId "2605767"]
[BlackFideId "2001780"]
[WhiteElo "1891"]
[BlackElo "2215"]
[Result "1-0"]
[Round "08"]
[TimeControl "180+1"]
[Date "2022.10.12"]
[WhiteClock "0:00:01"]
[BlackClock "0:00:01"]

1. e4 c5 2. d4 cxd4 3. c3 dxc3 4. Nxc3 e6 5. Nf3 Ne7 6. Bf4 Ng6 7. Bg3 a6 8. Bd3 Nc6 9. a3 f6 10. Qe2 Nce5 11. Nxe5 fxe5 12. O-O Bc5 13. Bxe5 O-O 14. Bg3 e5 15. Rad1 d6 16. Kh1 Qg5 17. Nd5 Bg4 18. f3 Bh5 19. Nc7 Nf4 20. Bxf4 exf4 21. Nxa8 Rxa8 22. Bc4+ Kh8 23. Be6 Qe5 24. Bg4 Bf7 25. b4 Be3 26. Qc2 b5 27. Qc6 Rd8 28. Qc7 Rf8 29. Qxd6 Qxd6 30. Rxd6 Bc4 31. Rfd1 g6 32. Rd8 Rxd8 33. Rxd8+ Kg7 34. Rd7+ Kf6 35. Rd6+ Ke7 36. Rxa6 Bc1 37. Ra7+ Kd6 38. Rxh7 Bxa3 39. Rh6 Bxb4 40. Rxg6+ Ke5 41. h4 Bc3 42. h5 b4 43. h6 Kd4 44. Rb6 b3 45. h7 Kd3 46. Kh2 Kc2 47. Bf5 Kc1 48. Bc8 1-0


[Site "https://www.chess.com"]

[Event "Titled Tuesday Blitz October 11 Late 2022"]
[White "Castella Garcia, Fausto"]
[Black "Ardila, Oscar Humberto"]
[WhiteFideId "3501922"]
[BlackFideId "4404742"]
[WhiteElo "2246"]
[BlackElo "1898"]
[Result "1-0"]
[Round "08"]
[TimeControl "180+1"]
[Date "2022.10.12"]
[WhiteClock "0:01:07"]
[BlackClock "0:01:23"]

1. e4 e5 2. Nf3 Nf6 3. d4 Nxe4 4. Bd3 d5 5. Nxe5 Bd6 6. O-O O-O 7. c4 c6 8. Nc3 Nxc3 9. bxc3 Be6 10. cxd5 Bxd5 11. Qg4 Bxe5 12. dxe5 Re8 13. Bg5 Qd7 14. Qh4 h6 15. Bxh6 gxh6 16. Qxh6 f5 17. exf6 Qf7 18. Qg5+ Kh8 19. Bg6 Rg8 20. Qh5+ 1-0


[Site "https://www.chess.com"]

[Event "Titled Tuesday Blitz October 11 Late 2022"]
[White "Chigaev, Maksim"]
[Black "Issani, Nameer"]
[WhiteFideId "4108116"]
[BlackFideId "2619130"]
[WhiteElo "2537"]
[BlackElo "2677"]
[Result "1-0"]
[Round "08"]
[TimeControl "180+1"]
[Date "2022.10.11"]
[WhiteClock "0:01:03"]
[BlackClock "0:00:48"]

1. Nf3 d5 2. c4 c6 3. d4 Nf6 4. Nc3 e6 5. g3 Bd6 6. Bg2 O-O 7. O-O Nbd7 8. Nd2 Re8 9. e4 dxe4 10. Ndxe4 Nxe4 11. Nxe4 Bc7 12. Bg5 f6 13. Be3 Nf8 14. Qc2 f5 15. Nc5 Qf6 16. f4 Nd7 17. Nd3 Bb6 18. Qc3 a5 19. Rad1 a4 20. Ne5 Nxe5 21. dxe5 Bxe3+ 22. Qxe3 Qe7 23. Rd6 a3 24. b3 Qc7 25. Qc5 Ra5 26. Qd4 Ra6 27. c5 Kf7 28. Rd1 Ke7 29. h3 h5 30. Bf1 Ra5 31. Bc4 g6 32. b4 Ra4 33. Bb3 Ra8 34. Qf2 Kf7 35. R1d4 Ke7 36. g4 hxg4 37. Qh4+ Kf8 38. Qh8+ 1-0


[Site "https://www.chess.com"]

[Event "Titled Tuesday Blitz October 11 Late 2022"]
[White "De Souza, Cristiano Gomes"]
[Black "Bilan, Danila"]
[WhiteFideId "2151758"]
[BlackFideId "24161918"]
[WhiteElo "2068"]
[BlackElo "2203"]
[Result "0-1"]
[Round "08"]
[TimeControl "180+1"]
[Date "2022.10.12"]
[WhiteClock "0:00:34"]
[BlackClock "0:00:22"]

1. d4 d5 2. c4 c6 3. Nf3 Nf6 4. Nc3 e6 5. Bg5 Nbd7 6. e3 Qa5 7. Nd2 Ne4 8. Ndxe4 dxe4 9. Bf4 Bb4 10. Qc2 O-O 11. Be2 e5 12. dxe5 Nxe5 13. O-O Bxc3 14. bxc3 f6 15. Qxe4 Bf5 16. Qd4 Rad8 17. c5 Rxd4 18. cxd4 Bd3 19. Bxd3 Nxd3 20. Bd6 Rf7 21. Rab1 Qxa2 22. Ra1 Qc2 23. Rxa7 h5 24. Ra8+ Kh7 25. h4 Qe2 26. Bg3 f5 27. Rb8 Qg4 28. Rb1 f4 29. exf4 Nxf4 30. R1xb7 Qd1+ 31. Kh2 Qf1 32. Bxf4 Rxf4 0-1


[Site "https://www.chess.com"]

[Event "Titled Tuesday Blitz October 11 Late 2022"]
[White "Diaz Rosas, Julio Cesar"]
[Black "Mickiewicz, Piotr"]
[WhiteFideId "5105099"]
[BlackFideId "1114891"]
[WhiteElo "2246"]
[BlackElo "2246"]
[Result "1-0"]
[Round "08"]
[TimeControl "180+1"]
[Date "2022.10.12"]
[WhiteClock "0:00:27"]
[BlackClock "0:00:01"]

1. e4 c6 2. d4 d5 3. exd5 cxd5 4. Bd3 Nc6 5. Nf3 Bg4 6. c3 e6 7. O-O Bd6 8. Nbd2 Nge7 9. Re1 Bh5 10. Nf1 Bg6 11. Bg5 Qc7 12. Ng3 h6 13. Bxe7 Nxe7 14. Ne5 Bxd3 15. Qxd3 Bxe5 16. Rxe5 Nc6 17. Re2 O-O 18. Rae1 Rab8 19. Qf3 Qe7 20. Nh5 Qg5 21. g3 b5 22. h4 Qg6 23. Nf4 Qf6 24. Qg4 b4 25. Nh5 Qf5 26. Qxf5 exf5 27. Nf4 bxc3 28. bxc3 Rfd8 29. Nd3 g6 30. Nc5 Kg7 31. Kg2 Rd6 32. Kf3 Na5 33. Re7 Rb2 34. Rxa7 Nc4 35. Ree7 Nd2+ 36. Kg2 Rf6 37. Ne6+ Rxe6 38. Rxe6 Ne4 39. Ree7 g5 40. h5 Rxf2+ 41. Kg1 Rd2 42. Rxf7+ Kg8 43. Rfd7 Rd1+ 44. Kg2 Rd2+ 45. Kf1 Rd1+ 46. Ke2 Nxc3+ 47. Ke3 f4+ 48. gxf4 gxf4+ 49. Kxf4 Rf1+ 50. Ke3 1-0


[Site "https://www.chess.com"]